Map: [ESL] Oceanborn

Players

Oliveira

  • Race: Terran Terran
  • Spawn Location: 5:00

Spirit - Winner!

  • Race: Terran Terran
  • Spawn Location: 11:00

Event: ESL SC2 Masters 2023 Winter (Finals)

VOD

Have the link to the VOD?

Description

Time

  • Played on: Dec. 15, 2023, 5:28 p.m.
  • Length: 9:03

All games in this series

Show
View Real Time Build Order
Export as new Build Order

Oliveira Terran 

Build Orders: Reaper Expand 

Get SALT Encoding   

  12  0:00  SCV  
  13  0:12  SCV  
  14  0:17  Supply Depot  
  14  0:25  SCV  
  15  0:38  SCV  
  15  0:39  Barracks  
  16  0:45  Refinery  
  16  0:50  SCV  
  17  1:02  SCV  
  18  1:14  SCV  
  19  1:27  Orbital Command  
  19  1:28  Reaper  
  20  1:41  Command Center  
  20  1:53  SCV  
  21  1:55  Supply Depot  
  21  2:00  Reaper  
  22  2:03  Refinery  
  22  2:05  SCV  
  23  2:17  SCV  
  24  2:27  Factory  
  24  2:29  SCV  
  25  2:36  Barracks Reactor  
  24  2:41  SCV  
  25  2:52  Orbital Command  
  25  2:53  SCV  
  26  3:05  SCV  
  27  3:11  Command Center  
  24  3:17  SCV  
  24  3:19  SCV  
  25  3:23  Cyclone  
  25  3:30  Cyclone  
  25  3:31  SCV x2  
  27  3:43  SCV x2, Starport  
  29  3:55  SCV x2  
  30  3:56  Cyclone  
  30  4:02  Cyclone  
  35  4:03  Barracks Tech Lab  
  35  4:07  SCV  
  35  4:08  SCV  
  37  4:18  Refinery  
  37  4:19  SCV  
  37  4:20  SCV  
  39  4:24  Orbital Command  
  39  4:28  Raven  
  41  4:33  SCV x2  
  41  4:36  Cyclone  
  45  4:44  Cyclone  
  45  4:45  SCV x2  
  49  4:48  Barracks Tech Lab  
  49  4:50  SCV  
  50  4:57  SCV x2  
  50  4:59  Supply Depot  
  52  5:02  SCV  
  52  5:06  Raven  
  55  5:09  SCV x2  
  55  5:11  Cyclone  
  59  5:14  Supply Depot, SCV, Marine  
  59  5:20  Cyclone  
  63  5:21  SCV  
  63  5:22  Refinery, SCV  
  63  5:25  Supply Depot  
  63  5:28  SCV  
  66  5:29  Unknown  
  66  5:32  Marine  
  66  5:33  Orbital Command, SCV  
  66  5:34  SCV  
  69  5:38  Supply Depot  
  69  5:40  Raven  
  71  5:46  SCV  
  71  5:47  Barracks, SCV  
  67  5:58  Stimpack, SCV  
  67  5:59  SCV  
  67  6:00  SCV, Marine  
  67  6:02  Barracks  
  71  6:06  Factory Reactor  
  71  6:10  SCV  
  72  6:11  SCV  
  72  6:12  SCV  
  72  6:15  Engineering Bay  
  72  6:16  Engineering Bay  
  72  6:17  Marine  
  75  6:22  SCV  
  75  6:23  SCV  
  75  6:24  Starport Reactor  
  76  6:27  SCV  
  72  6:34  SCV  
  72  6:35  Barracks x2  
  72  6:36  SCV  
  72  6:39  SCV  
  75  6:45  Terran Infantry Weapons Level 1, Terran Infantry Armor Level 1  
  75  6:46  SCV, Marine x2  
  77  6:48  SCV  
  77  6:51  SCV  
  79  6:54  Siege Tank  
  79  6:58  SCV  
  79  7:00  SCV, Marine x2  
  86  7:03  SCV, Marine  
  86  7:04  Marine  
  61  7:08  Medivac x2  
  89  7:12  Supply Depot  
  89  7:14  Supply Depot  
  93  7:16  SCV x2  
  93  7:17  SCV  
  96  7:23  Barracks Reactor x2  
  96  7:24  Marine  
  96  7:25  Marine  
  96  7:27  Siege Tank  
  101  7:31  Refinery  
  101  7:33  SCV, Marine  
  101  7:35  Supply Depot  
  103  7:37  Combat Shield  
  103  7:38  Marine  
  103  7:39  SCV x2  
  103  7:43  Armory  
  106  7:46  Marine  
  106  7:48  SCV  
  106  7:50  Marine  
  109  7:51  SCV  
  109  7:53  Command Center, Marine  
  109  7:56  SCV  
  109  7:58  Supply Depot, Marine  
  113  7:59  Supply Depot  
  113  8:01  SCV  
  113  8:02  Siege Tank  
  113  8:03  Marine  
  118  8:06  SCV  
  118  8:08  Marine  
  118  8:09  Marine x3  
  118  8:11  Marine  
  124  8:14  SCV  
  124  8:15  Refinery  
  125  8:20  Supply Depot, Marine x2  
  125  8:22  Supply Depot, SCV  
  125  8:25  Marine  
  127  8:28  SCV  
  127  8:30  Marine  
  127  8:32  Marine  
  126  8:36  Marine  
  126  8:40  SCV x2  
  126  8:44  Supply Depot  
  126  8:45  Supply Depot  
Show
View Real Time Build Order
Export as new Build Order

Spirit Terran - Winner!

Build Orders: Gas First Reaper Expand 

Get SALT Encoding   

  12  0:00  SCV  
  13  0:13  SCV  
  14  0:17  Supply Depot  
  14  0:25  SCV  
  14  0:27  Refinery  
  15  0:38  SCV  
  16  0:44  Barracks  
  16  0:50  SCV  
  17  1:02  SCV  
  18  1:15  SCV  
  19  1:31  Reaper, Orbital Command  
  20  1:42  Command Center  
  20  1:51  Factory  
  20  1:57  SCV  
  21  2:04  Supply Depot  
  21  2:06  Reaper  
  22  2:10  SCV  
  23  2:16  Refinery  
  23  2:26  SCV  
  26  2:37  Hellion  
  26  2:38  SCV  
  26  2:41  Reaper  
  28  2:50  SCV  
  29  2:54  Orbital Command, Starport  
  29  3:00  Refinery  
  29  3:02  SCV  
  29  3:03  Cyclone  
  32  3:14  SCV  
  33  3:25  SCV  
  33  3:26  SCV  
  35  3:33  Barracks Reactor, Starport Tech Lab  
  33  3:35  Cyclone  
  33  3:37  SCV  
  33  3:38  SCV  
  37  3:47  Command Center  
  37  3:49  SCV  
  37  3:52  Raven  
  40  3:55  SCV  
  40  4:02  SCV  
  42  4:07  SCV  
  42  4:08  Factory Tech Lab  
  43  4:10  Marine  
  43  4:11  Supply Depot  
  43  4:14  SCV  
  45  4:19  Marine  
  45  4:24  Supply Depot  
  46  4:32  Siege Tank, SCV x2, Marine  
  46  4:33  Raven  
  46  4:37  Supply Depot  
  54  4:45  SCV x2, Marine  
  57  4:50  Unknown, Marine  
  58  4:57  SCV x2  
  58  4:58  Barracks  
  58  4:59  Barracks, Refinery  
  60  5:01  Orbital Command  
  60  5:09  Siege Tank, SCV x2  
  60  5:12  Raven  
  67  5:18  Marine  
  67  5:20  Marine  
  69  5:22  SCV x2  
  69  5:25  Orbital Command  
  72  5:29  Engineering Bay x2  
  72  5:34  SCV  
  72  5:36  SCV, Marine  
  72  5:38  Marine  
  72  5:41  Supply Depot, Siege Tank  
  78  5:46  SCV  
  78  5:48  SCV  
  80  5:51  SCV  
  80  5:56  Barracks Reactor  
  80  5:57  Barracks Reactor  
  81  5:58  SCV  
  81  6:00  SCV  
  81  6:03  Terran Infantry Weapons Level 1, SCV, Terran Infantry Armor Level 1  
  84  6:06  Stimpack, Supply Depot  
  84  6:07  Viking, Supply Depot  
  84  6:10  SCV  
  87  6:11  Viking  
  87  6:13  SCV  
  87  6:15  SCV  
  87  6:17  Supply Depot  
  91  6:22  SCV  
  91  6:25  SCV  
  93  6:27  SCV  
  93  6:30  Marauder  
  95  6:33  Marine x3  
  95  6:34  Barracks  
  95  6:35  Barracks, Supply Depot  
  95  6:36  SCV  
  95  6:37  Marine  
  100  6:44  SCV  
  100  6:45  Liberator  
  100  6:46  Liberator  
  107  6:51  Marine x3  
  110  6:54  Supply Depot  
  110  6:55  SCV  
  110  6:56  Marine  
  110  6:58  Supply Depot  
  110  6:59  Siege Tank  
  110  7:00  SCV  
  116  7:02  SCV  
  116  7:05  Refinery  
  116  7:07  Armory  
  116  7:08  Marine  
  117  7:09  Marauder, Marine  
  117  7:10  Marine  
  117  7:11  Refinery  
  117  7:14  Marine  
  117  7:15  SCV  
  124  7:19  Sensor Tower  
  124  7:22  Barracks Reactor x2  
  124  7:25  SCV  
  124  7:26  SCV, Marine  
  124  7:27  Supply Depot, Marine  
  124  7:28  Marine  
  124  7:29  Missile Turret  
  125  7:30  Marine  
  125  7:32  Marine  
  129  7:37  Siege Tank  
  129  7:40  SCV  
  129  7:44  Marine  
  128  7:45  Medivac, Marine  
  128  7:46  Marine  
  128  7:48  Marine  
  128  7:50  Marine  
  135  7:53  SCV x2  
  135  7:57  Medivac  
  135  7:58  Marine  
  140  7:59  Marine  
  140  8:00  Marine x2  
  140  8:01  Marine  
  140  8:03  Marine x2  
  140  8:04  SCV  
  140  8:05  SCV, Marine  
  148  8:10  Supply Depot  
  148  8:11  Supply Depot  
  149  8:29  Marine x3  
  149  8:32  Medivac, SCV x3, Marine x3  
  154  8:37  Marine x3  
Tags
 
Add a new tag
Caveats
  • Supply blocks, unpowered buildings, or Contaminate may cause inaccurate times.
  • Supply counts are checked every 10 seconds.